 Dungeon Crawl Stone Soup version 0.29-a0-721-g7f417c9bbb (webtiles) character file.

Game seed: 10543018534227098919

190 dolemite99 the Shooter (level 5, -2/30 HPs)
             Began as a Gargoyle Hunter on June 28, 2022.
             Was an Initiate of Ashenzari.
             Slain by Edmund
             ... wielding a +3 dire flail of protection
              (13 damage)
             ... on level 4 of the Dungeon.
             The game lasted 00:03:32 (2374 turns).

dolemite99 the Shooter (Gargoyle Hunter)            Turns: 2374, Time: 00:03:33

Health: -2/30      AC: 10    Str: 15    XL:     5   Next: 69%
Magic:  5/5        EV:  9    Int:  9    God:    Ashenzari [......]
Gold:   106        SH:  0    Dex: 15    Spells: 4/4 levels left

rFire   . . .      SeeInvis .   a - +2 shortbow (freeze)
rCold   . . .      Faith    .   (shield currently unavailable)
rNeg    + . .      Spirit   .   h - +0 scale mail
rPois   ∞          Reflect  .   (no helmet)
rElec   +          Harm     .   (no cloak)
rCorr   .          Rampage  .   (no gloves)
Will    .....                   (no boots)
Stlth   ..........              (no amulet)
HPRegen 0.10/turn               (no ring)
MPRegen 0.09/turn               (no ring)

@: no status effects
A: sickness immunity, AC +4, negative energy resistance 1, electricity
resistance, torment resistance 1, petrification resistance
a: Renounce Religion


You were on level 4 of the Dungeon.
You worshipped Ashenzari.
Ashenzari was noncommittal.
You visited 1 branch of the dungeon, and saw 4 of its levels.
You also visited: Sewer.

You collected 106 gold pieces.

Inventory:

Hand Weapons
 a - a +2 shortbow of freezing (weapon)
 j - a +0 lajatang
Armour
 c - a +0 leather armour
 h - a +0 scale mail (worn)
Magical Staves
 o - a staff of cold
Jewellery
 n - a ring of fire
 r - an amulet of guardian spirit
Scrolls
 b - a scroll of immolation
 i - a scroll of magic mapping
 l - a scroll of enchant armour {unknown}
 q - 2 scrolls of teleportation
 u - a scroll of vulnerability {unknown}
Potions
 d - a potion of degeneration {unknown}
 e - 5 potions of curing {unknown}
 f - a potion of berserk rage {unknown}
 g - a potion of might
 k - a potion of attraction {unknown}
 m - 2 potions of haste {unknown}
 p - a potion of flight {unknown}
 s - 2 potions of heal wounds {unknown}
 v - a potion of magic {unknown}


   Skills:
 - Level 2.1 Fighting
 + Level 6.8 Ranged Weapons
 - Level 1.5 Dodging
 - Level 1.1 Stealth


You had 4 spell levels left.
You didn't know any spells.
Your spell library contained the following spells:

 Spells                   Type           Power      Damage    Failure   Level
 Necrotize                Necr           0%         1d4       86%         1
 Sandblast                Erth           0%         2d4       86%         1
 Passwall                 Tmut/Erth      0%         N/A       95%         2
 Stone Arrow              Conj/Erth      0%         3d7       99%         3
 Vampiric Draining        Necr           0%         2d6       99%         3
 Anguish                  Hex/Necr       0%         N/A       100%        4
 Animate Dead             Necr           0%         N/A       100%        4


Dungeon Overview and Level Annotations

Branches:
Dungeon (4/15)              Sewer (visited)
 Temple: D:4-7

Altars:
Ashenzari
Gozag
Kikubaaqudgha

Annotations:
D:3 3 runed translucent doors, zhov's ghost, amateur GnHu
D:4 Edmund; Ijyb


Innate Abilities, Weirdness & Mutations

You are immune to sickness and miasma.
Your stone body is resilient. (AC +4)
You are immune to poison.
You resist negative energy. (rN+)
You are resistant to electric shocks. (rElec)
You are resistant to unholy torment.
You are immune to petrification.


Message History

The floor.
Unknown command.
Fire: a) +2 shortbow (freeze)
Press: ? - help, Q - select action Shift-Dir - straight line, f/p - Ijyb
Aim: Ijyb, wielding a +0 dagger, wearing a +0 ring mail and carrying a wand of iceblast (4) (62% to hit)
You shoot an arrow. The arrow hits Ijyb.
The arrow freezes Ijyb.
Ijyb is lightly wounded.
Ijyb hits you with a +0 dagger.
Fire: a) +2 shortbow (freeze)
Press: ? - help, Q - select action Shift-Dir - straight line, f/p - Ijyb
Aim: Ijyb, wielding a +0 dagger, wearing a +0 ring mail and carrying a wand of iceblast (4) (lightly wounded, 62% to hit)
You shoot an arrow. The arrow hits Ijyb.
The arrow freezes Ijyb.
Ijyb is moderately wounded.
Ijyb hits you but does no damage. Ijyb hits you with a +0 dagger.
Fire: a) +2 shortbow (freeze)
Press: ? - help, Q - select action Shift-Dir - straight line, f/p - Ijyb
Aim: Ijyb, wielding a +0 dagger, wearing a +0 ring mail and carrying a wand of iceblast (4) (moderately wounded, 62% to hit)
You shoot an arrow. The arrow closely misses Ijyb.
The arrow hits the dart slug.
The arrow freezes the dart slug.
The dart slug is heavily wounded.
Edmund hits you with a +3 dire flail of protection!
Ijyb hits you but does no damage.
Fire: a) +2 shortbow (freeze)
Press: ? - help, Q - select action Shift-Dir - straight line, f/p - Ijyb
Aim: Ijyb, wielding a +0 dagger, wearing a +0 ring mail and carrying a wand of iceblast (4) (lightly wounded, 62% to hit)
You shoot an arrow. The arrow hits Ijyb but does no damage.
Ijyb is lightly wounded.
Ijyb hits you but does no damage.
Edmund drinks a potion.
Edmund flickers and vanishes!
Deactivating autopickup; reactivate with Ctrl-A.
Fire: a) +2 shortbow (freeze)
Press: ? - help, Q - select action Shift-Dir - straight line, f/p - Ijyb
Aim: Ijyb, wielding a +0 dagger, wearing a +0 ring mail and carrying a wand of iceblast (4) (lightly wounded, 62% to hit)
You shoot an arrow. The arrow closely misses Ijyb.
The arrow hits the dart slug.
The arrow freezes the dart slug.
You kill the dart slug!
Something hits you. Ijyb barely misses you. Something hits you!
You die...

###### ≈≈≈## #.#
# ÷..≈## #..#.#
#@ ≈≈≈..#
#...#.#. ###..#
#....... ≈≈≈≈.#
+....... ≈.≈.##
#....# #####
#.#.{###.#
#....@g†.#
####.##### #+#
#.# #.# #.# #.#
#.#
##.##########.#
###...##<.......#
.......#.########
#.#...##.#


You could see Ijyb.

Vanquished Creatures
  An iguana (D:3)
  A hell rat (Sewer)
  2 river rats (Sewer)
  6 adders
  2 worms
  3 dart slugs
  An orc (D:3)
  6 endoplasms
  5 giant cockroaches
  4 goblins
  2 hobgoblins
  6 quokkas
  6 ball pythons
  3 bats
  3 frilled lizards
  4 kobolds
  11 rats
66 creatures vanquished.

Notes
Turn   | Place    | Note
-------+----------+-------------------------------------------
     0 | D:1      | dolemite99 the Gargoyle Hunter began the quest for the Orb.
     0 | D:1      | Reached XP level 1. HP: 12/12 MP: 1/1
   189 | D:1      | Reached XP level 2. HP: 17/17 MP: 2/2
   300 | D:1      | Found a faded altar of an unknown god.
   309 | D:1      | Prayed at the altar of an unknown god.
   309 | D:1      | Became a worshipper of Kikubaaqudgha
   309 | D:1      | Reached * piety under Kikubaaqudgha
   309 | D:1      | Received a gift from Kikubaaqudgha
   701 | D:2      | Reached skill level 5 in Ranged Weapons
   701 | D:2      | Reached XP level 3. HP: 21/21 MP: 3/3
   739 | D:2      | Reached XP level 4. HP: 18/26 MP: 4/4
  1313 | D:3      | Found a runed translucent gate.
  1313 | D:3      | Found a runed translucent gate.
  1321 | D:3      | Found a broken altar of Ashenzari.
  1438 | D:3      | Fell from the grace of Kikubaaqudgha
  1438 | D:3      | Became a worshipper of Ashenzari the Shackled
  1460 | D:3      | Found an ancient bone altar of Kikubaaqudgha.
  1491 | D:3      | Reached skill level 6 in Ranged Weapons
  1560 | D:3      | Reached XP level 5. HP: 30/30 MP: 5/5
  1934 | D:3      | Found a runed translucent gate.
  1934 | D:3      | Found an opulent altar of Gozag.
  1987 | D:3      | Noticed zhov's ghost (amateur GnHu)
  2017 | D:4      | Noticed an ogre
  2028 | D:4      | Found a glowing drain.
  2046 | Sewer    | Entered a sewer
  2367 | D:4      | Noticed Ijyb
  2367 | D:4      | Noticed Edmund
  2374 | D:4      | Slain by Edmund

Illustrated notes

Levels and vault maps discovered:
D:1:      sevenhm_arrival_forest_fort_large_1, layout_rooms,
          basic_ecumenical_altar
D:2:      layout_rooms
D:3:      layout_rooms, mainiacjoe_overflow_tiny_flanked, ashenzari_altar_1,
          ebering_ghost_gozag, serial_corexii_hall, corexii_hall_statues_u,
          chequers_hall_statues_wall_a
D:4:      layout_loops_corners, zin_academy, minmay_temple_entry_grid,
          gup_sewer_entry_pipe, gammafunk_ghost_stat_death,
          nicolae_elemental_shop, uniq_ijyb, uniq_blork_the_orc, uniq_edmund

Skill      XL: |  1  2  3  4 |
---------------+-------------+-----
Ranged Weapons | 5 6 |  6.8
Fighting       | |  2.1
Dodging        | |  1.5
Stealth        | |  1.1

Action                   |  1- 3 |  4- 6 || total
-------------------------+-------+-------++-------
 Fire: Shortbow          |    67 |   122 ||   189
  Use: Scroll            |     5 |     3 ||     8
Armor: Scale mail        |    27 |    29 ||    56
Dodge: Dodged            |    10 |    29 ||    39

Table legend: (Time is in decaauts)
 A = Elapsed time spent in this place.
 B = Non-inter-level travel time spent in this place.
 C = Inter-level travel time spent in this place.
 D = Time resting spent in this place.
 E = Time spent auto-exploring this place.
 F = Levels seen in this place.
 G = Mean time per level.
                   A        B        C        D        E       F      G
               +--------+--------+--------+--------+--------+-----+--------+
         Total |   2475 |   2390 |     85 |    456 |   1345 |   5 |  495.0 |
       Dungeon |   2196 |   2111 |     85 |    314 |   1291 |   4 |  549.0 |
         Sewer |    278 |    278 |      0 |    142 |     53 |   1 |  278.0 |
               +--------+--------+--------+--------+--------+-----+--------+

Top non-repeatable levels by time:
     D:1: 707 daAuts
     D:3: 701 daAuts
     D:2: 660 daAuts
   Sewer: 278 daAuts
     D:4: 127 daAuts
